 Dungeon Crawl Stone Soup version 0.28-a0-514-g0d7ab7f379 (webtiles) character file.

Game seed: 17705907860005711620

24904 demibob the Nimble (level 12, -13/80 (92) HPs)
             Began as a Demonspawn Gladiator on Sept 23, 2021.
             Was an Elder of Makhleb.
             Killed from afar by Josephine (29 damage)
             ... with a ghostly fireball
             ... on level 4 of the Lair of Beasts.
             The game lasted 00:30:31 (14261 turns).

demibob the Nimble (Demonspawn Gladiator)          Turns: 14261, Time: 00:30:31

HP:   -13/80 (92)   AC: 11    Str: 17    XL:     12   Next: 84%
MP:   18/18         EV: 19    Int: 12    God:    Makhleb [****..]
Gold: 300           SH:  0    Dex: 15    Spells: 11/11 levels left

rFire   . . .      SeeInvis .   a - +9 battleaxe "Buuxzur" {vamp, rC+ Will+++ Stlth-}
rCold   + . .      Faith    .   (shield currently unavailable)
rNeg    . . .      Spirit   .   e - +0 leather armour
rPois   +          Reflect  .   (helmet unavailable)
rElec   .          Harm     .   h - scarf {+Inv}
rCorr   .          Rampage  .   g - +1 pair of gloves
Will    +++..                   B - +0 pair of boots
Stlth   ..........              (no amulet)
HPRegen 0.23/turn               T - +4 ring of protection
MPRegen 0.16/turn               P - ring of poison resistance

@: slowed, heavily drained, very slow
A: horns 3, powered by death 2, augmentation 1, sharp scales 1
a: Renounce Religion, Evoke Invisibility, Minor Destruction, Lesser Servant of
Makhleb, Major Destruction


You were on level 4 of the Lair of Beasts.
You worshipped Makhleb.
Makhleb was greatly pleased with you.
You visited 3 branches of the dungeon, and saw 16 of its levels.
You also visited: Ossuary.

You collected 561 gold pieces.
You spent 261 gold pieces at shops.


Innate Abilities, Weirdness & Mutations

You have a pair of large horns on your head.
You regenerate health from kills.
Your magical and physical power is slightly enhanced at high health.
You are partially covered in razor-sharp scales. (AC +1, Slay +1)


   Skills:
 + Level 7.6 Fighting
 + Level 12.6(13.6) Axes
 - Level 8.4(11.6) Polearms
 - Level 1.7 Throwing
 - Level 13.8 Dodging
 + Level 8.5 Invocations


You had 11 spell levels left.
You didn't know any spells.
Your spell library contained the following spells:

 Spells                   Type           Power      Damage    Failure   Level
 Beastly Appendage        Tmut           0%         N/A       38%         1
 Sting                    Tmut/Pois      0%         1d3       38%         1
 Poisonous Vapours        Pois/Air       0%         N/A       52%         2
 Sublimation of Blood     Necr           0%         N/A       52%         2
 Wereblood                Tmut           0%         N/A       52%         2
 Conjure Flame            Conj/Fire      0%         6-21      77%         3
 Ignite Poison            Fire/Tmut/Pois 0%         N/A       77%         3
 Spider Form              Tmut/Pois      0%         N/A       77%         3
 Olgreb's Toxic Radiance  Pois           0%         N/A       99%         4
 Petrify                  Tmut/Erth      0%         N/A       99%         4
 Sticky Flame             Conj/Fire      0%         2d3       99%         4
 Irradiate                Conj/Tmut      0%         3d13      100%        5

Inventory:

Hand Weapons
 a - the +9 battleaxe "Buuxzur" (weapon) {vamp, rC+ Will+++ Stlth-}
   (You found it on level 6 of the Dungeon)

   It occasionally heals its wielder for a portion of the damage dealt when it
   wounds a living foe.
   rC:        It protects you from cold.
   Will:      It greatly increases your willpower.
   Stlth:     It makes you less stealthy.
 b - the +8 hand axe of Wu Jian's Displeasure {flame, rC+ MP+9}
   (You found it on level 4 of the Dungeon)

   It burns those it strikes, dealing additional fire damage.
   Big, fiery blades are also staple armaments of hydra-hunters.
   rC:        It protects you from cold.
   MP:        It affects your magic capacity (+9).
Missiles
 d - 4 throwing nets (quivered) {=f}
Armour
 e - a +0 leather armour (worn)
 g - a +1 pair of gloves (worn)
 h - a scarf of invisibility (worn)
 B - a +0 pair of boots (worn)
Jewellery
 c - a ring of ice
 t - a +4 ring of protection
 C - a ring of ice
 L - a ring of flight
 P - a ring of poison resistance (right hand)
 R - a ring of resist corrosion
 T - a +4 ring of protection (left hand)
Wands
 l - a wand of iceblast (3)
 n - a wand of charming (11)
 v - a wand of mindburst (16)
 w - a wand of flame (11)
Scrolls
 j - 4 scrolls of teleportation {@r2}
 k - a scroll of blinking
 m - a scroll of enchant weapon
 p - a scroll of enchant armour
 q - 2 scrolls of amnesia
 r - 2 scrolls of fear
 u - a scroll of fog
 y - 4 scrolls of magic mapping
 z - 11 scrolls of identify {@r1}
Potions
 f - 3 potions of flight
 i - 3 potions of attraction
 o - 3 potions of curing {@q1}
 s - a potion of cancellation {unknown}
 A - a potion of brilliance
Miscellaneous
 x - a piece from Xom's chessboard (15/15)
 D - a condenser vane

Dungeon Overview and Level Annotations

Branches:
Dungeon (10/15)            Temple (1/1) D:6            Lair (5/6) D:9
 Spider (0/4) Lair:4      Ossuary (visited)
  Swamp: Lair:2-4    Shoals: Lair:2-4     Slime: Lair:5-6       Orc: D:9-12

Altars:
Ashenzari
Cheibriados
Dithmenos
Elyvilon
Fedhas
Gozag
Hepliaklqana
Kikubaaqudgha
Makhleb
Nemelex Xobeh
Okawaru
Qazlal
Ru
Sif Muna
Trog
Uskayaw
Vehumet
Wu Jian
Xom
Yredelemnul
Zin
The Shining One
Jiyva

Shops:
D:4 [

Annotations:
D:5 2 transporters, willcat's ghost, novice OpDe
D:10 3 runed translucent doors, heikuro's ghost, journeyman FoEE
Lair:3 2 transporters, Ruicvywi's ghost, journeyman OgTm
Lair:4 Josephine

## .#.# #######
######
#.#.##.#...###P.#.##
..................#
#.........W.....#
#....@##...#.##.##
#....##.#. ####..#
..##....# #. ##.##
...P...@# # #...#
........# #..P##
......... #....#
...#...... #..###
..##.....## ##..#
###......# ####P..#
P##.....#####.###..#
..................##
..................##


You could see Josephine.


Message History

Josephine barely misses you. The wraith completely misses you.
You are too injured to fight recklessly!
Unknown command.
You closely miss Josephine.
You headbutt Josephine, but do no damage.
Josephine is severely wounded.
You closely miss the wraith. Josephine casts a spell at you.
The ghostly flame explodes!
The ghostly fireball engulfs you!!
You feel drained.
* * * LOW HITPOINT WARNING * * *
The ghostly fireball engulfs Josephine.
Josephine completely resists.
The ghostly fireball engulfs the wraith.
The wraith completely resists.
The wraith closely misses you. Josephine hits you with a +0 dagger.
* * * LOW HITPOINT WARNING * * *
Okay, then.
Blink to where?
Press: ? - help, Dir - move target
As you read the scroll of blinking, it crumbles to dust.
Aiming: Iceblast
Press: ? - help, Shift-Dir - straight line, f - Josephine
Aim: Josephine, wielding a +0 dagger and wearing a +0 robe (severely wounded)
The mass of ice explodes!
The iceblast engulfs Josephine!
Josephine is severely wounded.
You hear an angry hiss.
Josephine gestures at you while chanting.
The ghostly flame explodes!
The ghostly fireball engulfs you!!
You feel drained.
You die...

Skill      XL: |  1  2  3  4  5  6  7  8  9 10 11 12 |
---------------+-------------------------------------+-----
Polearms       | 3 4 6 7 8 |  8.4
Dodging        | 3 4 7 11 13 | 13.8
Invocations    | 4 8 |  8.5
Axes           | 4 8 10 11 12 | 12.6
Fighting       | 4 7 |  7.6
Throwing       | |  1.7

Action                   |  1- 3 |  4- 6 |  7- 9 | 10-12 || total
-------------------------+-------+-------+-------+-------++-------
Melee: Trident           |   105 |   229 |    50 |       ||   384
       Headbutt          |     9 |    32 |    31 |    95 ||   167
       Halberd           |       |       |    41 |       ||    41
       Battleaxe         |       |       |   131 |   402 ||   533
Invok: Minor Destruction |       |       |       |     3 ||     3
Evoke: Wand              |       |       |     5 |     2 ||     7
  Use: Scroll            |     4 |     5 |    10 |     3 ||    22
       Potion            |       |     7 |     4 |     7 ||    18
 Stab: Sleeping          |     4 |     4 |       |       ||     8
       Distracted        |       |     1 |     1 |       ||     2
Armor: Leather armour    |    15 |    55 |    91 |   129 ||   290
Dodge: Dodged            |    46 |   116 |   151 |   407 ||   720

Levels and vault maps discovered:
D:1:      dpeg_arrival_rooms_c, layout_basic, minmay_tromino_v2
D:2:      layout_basic, nrook_loot_triangle, minmay_misc_feat_more_columns
D:3:      minmay_diamond_boxcup, layout_basic, hangedman_decor_diamond_cutter,
          uniq_robin
D:4:      layout_basic, nicolae_ossuary_entry_plus, serial_shops,
          nicolae_stop_n_shop_1, lemuel_another_geyser
D:5:      layout_layer_cave, mainiacjoe_overflow_alcove_3,
          gammafunk_ghost_mausoleum
D:6:      minmay_opposing_rooms, layout_loops_ring,
          nemelex_xobeh_ov_fountains_minmay, minmay_temple_entry_junction_2,
          hellmonk_bongcloud_opening, minmay_crystal_water, eino_tiny_chamber,
          kennysheep_nondescript
D:7:      layout_cave_pools, marbit_many_paths, mainiacjoe_overflow_alcove_4,
          yredelemnul_forgotten_temple_becter
D:8:      layout_layer_cave, kennysheep_cluttered_room, moated_statue,
          skrybe_limestone_x, uniq_grum
D:9:      layout_gridville, mainiacjoe_overflow_surrounded_room,
          grunt_dithmenos_shadows, zin_treasury, grunt_lair_entry_orc_guard_hut
D:10:     layout_loops_corners, grunt_temple_overflow_bloody_war,
          gammafunk_ghost_split
Temple:   pf_slimified_temple
Lair:1:   layout_hall_layers, hellmonk_guarded_unrand_zhor,
          infiniplex_staircase_pool, lemuel_fruit_tree
Lair:2:   layout_long_grid, uniq_fannar
Lair:3:   layout_regular_city, nicolae_volcano_entry_two_sided,
          gammafunk_ghost_hive, cheibrodos_lair_reptile_den
Lair:4:   layout_regular_city, minmay_shoals_entry_hut, dummy_spider_entry,
          uniq_josephine
Lair:5:   layout_cellular_growth, gammafunk_ghost_ooze,
          infiniplex_staircase_pool_2, grunt_megastairs_4

Notes
Turn   | Place    | Note
-------+----------+-------------------------------------------
     0 | D:1      | demibob the Demonspawn Gladiator began the quest for the
                  | Orb.
     0 | D:1      | Reached XP level 1. HP: 16/16 MP: 1/1
   111 | D:1      | Reached skill level 3 in Polearms
   111 | D:1      | Reached skill level 3 in Dodging
   111 | D:1      | Gained mutation: You have a pair of small horns on your
                  | head. [demonic ancestry]
   111 | D:1      | Reached XP level 2. HP: 22/22 MP: 2/2
   711 | D:1      | Gained mutation: You are partially covered in razor-sharp
                  | scales. (AC +1, Slay +1) [demonic ancestry]
   711 | D:1      | Reached XP level 3. HP: 26/27 MP: 3/3
  1446 | D:2      | Gained mutation: You have a pair of horns on your head.
                  | [demonic ancestry]
  1446 | D:2      | Reached XP level 4. HP: 33/33 MP: 4/4
  1976 | D:3      | Reached skill level 4 in Polearms
  1976 | D:3      | Reached skill level 4 in Dodging
  2043 | D:3      | Gained mutation: You regenerate a little health from kills.
                  | [demonic ancestry]
  2043 | D:3      | Reached XP level 5. HP: 32/38 MP: 5/5
  2298 | D:3      | Identified the +0 helmet of Punuchyf {rElec Slay-5 Stlth+}
  2298 | D:3      | Noticed Robin
  2323 | D:3      | Killed Robin
  2582 | D:4      | Found Xustodif's Antique Armour Boutique.
  2584 | D:4      | Identified the +8 hand axe of Wu Jian's Displeasure {flame,
                  | rC+ MP+9}
  2687 | D:4      | Noticed a phantom
  2706 | D:4      | Killed a phantom
  2707 | D:4      | Reached XP level 6. HP: 21/44 MP: 6/6
  2725 | D:4      | Found a sand-covered staircase.
  2731 | Ossuary  | Entered an ossuary
  2912 | Ossuary  | Reached skill level 5 in Polearms
  3106 | Ossuary  | Reached skill level 6 in Polearms
  3296 | D:4      | Gained mutation: You have a pair of large horns on your
                  | head. [demonic ancestry]
  3296 | D:4      | Reached XP level 7. HP: 50/50 MP: 7/7
  3821 | D:4      | Reached skill level 7 in Polearms
  4023 | D:5      | Entered Level 5 of the Dungeon
  4252 | D:5      | Found a transporter.
  4416 | D:5      | Identified 2 potions of resistance
  4653 | D:5      | Found a transporter.
  4654 | D:5      | Noticed willcat's ghost (novice OpDe)
  4735 | D:5      | Reached XP level 8. HP: 56/56 MP: 8/8
  4824 | D:5      | Found a snail-covered altar of Cheibriados.
  4825 | D:5      | Found a shimmering altar of Xom.
  4826 | D:5      | Found an ornate altar of the Wu Jian Council.
  5295 | D:4      | Bought an ichor-stained scale mail for 261 gold pieces
  5295 | D:4      | Identified the +0 scale mail "Kitiu" {rN+ Stlth+} (You
                  | bought it in a shop on level 4 of the Dungeon)
  5335 | D:6      | Found a staircase to the Ecumenical Temple.
  5339 | D:6      | Reached skill level 8 in Polearms
  5383 | Temple   | Entered the Ecumenical Temple
  5473 | Temple   | Became a worshipper of Makhleb the Destroyer
  5514 | D:6      | Reached skill level 1 in Invocations
  5519 | D:6      | Reached skill level 2 in Invocations
  5648 | D:6      | Reached skill level 3 in Invocations
  5792 | D:6      | Found a sparkling altar of Nemelex Xobeh.
  5871 | D:6      | Identified the +9 battleaxe "Buuxzur" {vamp, rC+ Will+++
                  | Stlth-}
  5979 | D:6      | Reached skill level 1 in Axes
  5979 | D:6      | Reached skill level 4 in Invocations
  6032 | D:6      | Reached skill level 2 in Axes
  6224 | D:6      | Noticed a death knight
  6226 | D:6      | >>the fuck
  6378 | D:7      | Reached skill level 3 in Axes
  6407 | D:7      | Reached skill level 4 in Axes
  6412 | D:7      | Reached * piety under Makhleb
  6536 | D:7      | Gained mutation: You regenerate health from kills. [demonic
                  | ancestry]
  6536 | D:7      | Reached XP level 9. HP: 49/61 MP: 12/12
  6538 | D:7      | Reached skill level 5 in Axes
  6693 | D:7      | Found a basalt altar of Yredelemnul.
  6806 | D:7      | Reached skill level 6 in Axes
  6821 | D:7      | Found an ancient bone altar of Kikubaaqudgha.
  6908 | D:7      | Found a blossoming altar of Fedhas.
  7045 | D:7      | Identified a scroll of acquirement
  7045 | D:7      | Acquired a manual of Dodging
  7195 | D:8      | Reached skill level 5 in Dodging
  7199 | D:8      | Reached skill level 7 in Axes
  7202 | D:8      | Reached skill level 6 in Dodging
  7290 | D:8      | Noticed Grum
  7308 | D:8      | Killed Grum
  7457 | D:8      | Reached skill level 7 in Dodging
  7979 | D:8      | Reached skill level 8 in Axes
  8115 | D:8      | Reached ** piety under Makhleb
  8595 | D:6      | Reached XP level 10. HP: 63/67 MP: 13/13
  8640 | D:9      | Noticed a two-headed ogre
  8648 | D:9      | Killed a two-headed ogre
  8649 | D:9      | Reached skill level 8 in Dodging
  8766 | D:9      | Found a radiant altar of Vehumet.
  8793 | D:9      | Reached skill level 9 in Dodging
  8823 | D:9      | Reached skill level 9 in Axes
  8886 | D:9      | Found a staircase to the Lair.
  8931 | D:9      | Found a shadowy altar of Dithmenos.
  8937 | D:9      | Reached skill level 10 in Dodging
  9199 | Lair:1   | Entered Level 1 of the Lair of Beasts
  9199 | Lair:1   | Noticed a cane toad
  9213 | Lair:1   | Killed a cane toad
  9214 | Lair:1   | Reached skill level 11 in Dodging
  9461 | D:10     | Entered Level 10 of the Dungeon
  9944 | D:10     | Reached skill level 10 in Axes
  9983 | D:10     | Noticed a six-headed hydra
  9985 | D:10     | Noticed heikuro's ghost (journeyman FoEE)
  9987 | D:10     | Noticed a two-headed ogre
  9998 | D:10     | Killed a two-headed ogre
  9999 | D:10     | Reached XP level 11. HP: 55/72 MP: 14/14
 10073 | D:10     | Found a runed translucent gate.
 10073 | D:10     | Found a runed translucent gate.
 10075 | D:10     | Found a runed translucent gate.
 10149 | D:10     | Reached skill level 12 in Dodging
 10168 | D:10     | Reached *** piety under Makhleb
 10365 | D:10     | Found an iron altar of Okawaru.
 10365 | D:10     | Found a bloodstained altar of Trog.
 11116 | Lair:1   | Reached skill level 13 in Dodging
 11211 | Lair:1   | Reached skill level 3 in Fighting
 11211 | Lair:1   | Reached skill level 11 in Axes
 11917 | Lair:2   | Noticed Fannar
 11950 | Lair:2   | Killed Fannar
 11951 | Lair:2   | Reached skill level 4 in Fighting
 12393 | Lair:2   | Gained mutation: Your magical and physical power is
                  | slightly enhanced at high health. [demonic ancestry]
 12393 | Lair:2   | Reached XP level 12. HP: 76/85 MP: 15/15
 12397 | Lair:2   | Reached skill level 5 in Fighting
 12936 | Lair:3   | Found a dark tunnel.
 13086 | Lair:3   | Reached **** piety under Makhleb
 13291 | Lair:3   | Reached skill level 5 in Invocations
 13303 | Lair:3   | Reached skill level 6 in Fighting
 13308 | Lair:3   | Reached skill level 12 in Axes
 13308 | Lair:3   | Reached skill level 6 in Invocations
 13390 | Lair:3   | You fall into a shaft and drop 2 floors!
 13499 | Lair:4   | Reached skill level 7 in Invocations
 13526 | Lair:4   | Reached skill level 7 in Fighting
 13725 | Lair:4   | Found a hole to the Spider Nest.
 13773 | Lair:4   | Reached skill level 8 in Invocations
 13812 | Lair:3   | Noticed Ruicvywi's ghost (journeyman OgTm)
 13851 | Lair:3   | Found a transporter.
 13855 | Lair:3   | Found a transporter.
 14244 | Lair:4   | Noticed Josephine
 14261 | Lair:4   | Killed from afar by Josephine

Vanquished Creatures
  Fannar (Lair:2)
  2 two-headed ogres
  4 death yaks (Lair:3)
  6 elephants (Lair:4)
  5 black mambas
  8 cane toads
  A rime drake (Lair:3)
  3 komodo dragons
  A polar bear (Lair:3)
  5 blink frogs (Lair:3)
  2 shadows (D:9)
  3 wraiths
  3 wyverns
  35 yaks
  A basilisk (Lair:4)
  Grum (D:8)
  11 water moccasins
  A hornet zombie (D:8)
  2 ice beasts
  2 orc warriors
  2 sky beasts
  A black bear (Lair:3)
  5 centaurs
  3 ogres
  A phantom (D:4)
  8 wolves
  13 bullfrogs
  A gnoll sergeant (D:6)
  4 scorpions
  3 water moccasin zombies (Ossuary)
  14 wights
  4 killer bees (D:9)
  2 howler monkeys (D:10)
  An electric eel (Lair:1)
  A lava snake (D:8)
  A bullfrog zombie (D:6)
  5 hounds
  An orc priest (D:7)
  A jelly (D:7)
  A gnoll shaman (D:5)
  2 iguanas
  4 orc wizards
  3 killer bee zombies
  A hound zombie (D:3)
  A howler monkey zombie (D:10)
  Robin (D:3)
  2 mummies (Ossuary)
  8 gnolls
  16 adders
  A shadow imp (D:7)
  2 white imps
  An ufetubus (D:4)
  5 adder zombies (Ossuary)
  A worm (D:4)
  3 dart slugs
  19 orcs
  6 endoplasms
  6 giant cockroaches
  15 goblins
  9 hobgoblins
  8 jackals
  2 quokkas (D:1)
  9 ball pythons
  6 bats
  9 frilled lizards
  2 gnoll zombies (Ossuary)
  2 hobgoblin zombies (Ossuary)
  9 kobolds
  6 kobold zombies (Ossuary)
  6 orc zombies (Ossuary)
  5 rats
  A spectral orc (D:7)
340 creatures vanquished.

Vanquished Creatures (others)
  13 fungi
  7 plants
20 creatures vanquished.

Grand Total: 360 creatures vanquished

Table legend: (Time is in decaauts)
 A = Elapsed time spent in this place.
 B = Non-inter-level travel time spent in this place.
 C = Inter-level travel time spent in this place.
 D = Time resting spent in this place.
 E = Time spent auto-exploring this place.
 F = Levels seen in this place.
 G = Mean time per level.
                   A        B        C        D        E       F      G
               +--------+--------+--------+--------+--------+-----+--------+
         Total |  14343 |  13812 |    531 |   2147 |   9199 |  17 |  843.7 |
       Dungeon |   9993 |   9590 |    403 |   1164 |   6708 |  10 |  999.3 |
        Temple |    107 |     90 |     17 |      0 |     78 |   1 |  107.0 |
          Lair |   3720 |   3610 |    110 |    644 |   2337 |   5 |  744.0 |
       Ossuary |    521 |    521 |      0 |    339 |     76 |   1 |  521.0 |
               +--------+--------+--------+--------+--------+-----+--------+

Top non-repeatable levels by time:
     D:5: 1373 daAuts
    D:10: 1340 daAuts
  Lair:1: 1307 daAuts
     D:8: 1299 daAuts
     D:1: 1084 daAuts
     D:6: 1018 daAuts
  Lair:3: 1008 daAuts
  Lair:2: 964 daAuts
     D:4: 946 daAuts
     D:7: 853 daAuts
     D:3: 851 daAuts
     D:2: 619 daAuts
     D:9: 607 daAuts
 Ossuary: 521 daAuts
  Lair:4: 350 daAuts

Table legend:
 A = Non-vault XP
 B = Vault XP
 C = Vault XP percentage of total XP
 D = Non-vault monster count
 E = Vault monster count
 F = Vault count percentage of total count
                 A         B        C        D         E       F
            +---------+---------+-------+---------+---------+-------
      Total |   31766 |    3812 |  10.7 |     266 |      74 |  21.8
            +---------+---------+-------+---------+---------+-------
        D:1 |      43 |       3 |   6.5 |      26 |       2 |   7.1
        D:2 |      55 |       0 |   0.0 |      20 |       0 |   0.0
        D:3 |      93 |      94 |  50.3 |      23 |      21 |  47.7
        D:4 |     475 |       0 |   0.0 |      19 |       0 |   0.0
        D:5 |     359 |       0 |   0.0 |      13 |       0 |   0.0
        D:6 |     792 |     152 |  16.1 |      18 |       2 |  10.0
        D:7 |    1380 |      94 |   6.4 |      24 |       2 |   7.7
        D:8 |    1292 |     409 |  24.0 |      16 |       3 |  15.8
        D:9 |    3302 |     795 |  19.4 |      18 |       7 |  28.0
       D:10 |    4206 |     133 |   3.1 |      22 |       1 |   4.3
     Lair:1 |    3565 |       0 |   0.0 |      17 |       0 |   0.0
     Lair:2 |    4182 |     896 |  17.6 |      17 |       1 |   5.6
     Lair:3 |    5988 |     507 |   7.8 |      15 |       7 |  31.8
     Lair:4 |    5502 |     419 |   7.1 |      16 |       2 |  11.1
     Lair:5 |     532 |       0 |   0.0 |       2 |       0 |   0.0
    Ossuary |       0 |     310 | 100.0 |       0 |      26 | 100.0
            +---------+---------+-------+---------+---------+-------
